 Dungeon Crawl Stone Soup version 0.30-a0-782-ge64f9170bb (webtiles) character file.

Game seed: 3996425555400487251

397 HoaS the Shooter (level 6, 0/35 HPs)
             Began as a Gargoyle Hunter on Mar 10, 2023.
             Slain by Edmund
             ... wielding a +3 flail of protection
              (9 damage)
             ... on level 4 of the Dungeon.
             The game lasted 00:05:33 (2668 turns).

HoaS the Shooter (Gargoyle Hunter)                  Turns: 2668, Time: 00:05:34

Health: 0/35       AC: 11    Str: 15    XL:     6   Next: 83%
Magic:  6/6        EV: 12    Int:  9    God:
Gold:   163        SH:  0    Dex: 15    Spells: 5/5 levels left

rFire   . . .      SeeInvis .    e - +1 arbalest (heavy)
rCold   . . .      Faith    .    (shield currently unavailable)
rNeg    + . .      Spirit   .    d - +2 robe {Will+}
rPois   ∞          Reflect  .    a - +0 helmet
rElec   +          Harm     .    m - +1 cloak
rCorr   .          Rampage  .    (no gloves)
Will    +....                    (no boots)
Stlth   ++                       (no amulet)
HPRegen 0.25/turn                (no ring)
MPRegen 0.10/turn                (no ring)

@: no status effects
A: sickness immunity, AC +4, negative energy resistance 1, electricity
resistance, torment resistance 1, petrification resistance
a: no special abilities


You were on level 4 of the Dungeon.
You visited 1 branch of the dungeon, and saw 4 of its levels.

You collected 163 gold pieces.

Inventory:

Hand Weapons
 e - a +1 heavy arbalest (weapon)
Armour
 a - a +0 helmet (worn)
 d - a +2 robe of willpower (worn)
 m - a +1 cloak (worn)
Jewellery
 l - a ring of fire
Wands
 h - a wand of polymorph (8)
Scrolls
 b - a scroll of immolation
 i - 2 scrolls of fog
Potions
 g - a potion of heal wounds {unknown}
 j - 2 potions of lignification
 k - a potion of berserk rage {unknown}


   Skills:
 - Level 2.1 Fighting
 + Level 7.9 Ranged Weapons
 - Level 1.5 Dodging
 - Level 1.1 Stealth


You had 5 spell levels left.
You didn't know any spells.
Your spell library contained the following spells:

 Spells                   Type           Power      Damage    Failure   Level
 Necrotise                Necr           0%         1d4       38%         1
 Vampiric Draining        Necr           0%         2d6       77%         3
 Anguish                  Hex/Necr       0%         N/A       99%         4
 Agony                    Necr           0%         N/A       100%        5
 Enfeeble                 Hex            0%         N/A       100%        7


Dungeon Overview and Level Annotations

Branches:
Dungeon (4/15)
 Temple: D:4-7

Altars:
Nemelex Xobeh

Annotations:
D:4 Edmund


Innate Abilities, Weirdness & Mutations

You are immune to sickness and miasma.
Your stone body is resilient. (AC +4)
You are immune to poison.
You resist negative energy. (rN+)
You are resistant to electric shocks. (rElec)
You are resistant to unholy torment.
You are immune to petrification.


Message History

Done exploring.
(D) Dungeon
Where to? (Enter - D:3 @ (x,y), ? - help)
There is a stone staircase leading down here.
You climb downwards.
Found a stone staircase leading down.
There is a stone staircase leading up here.
There is a stone staircase leading down here.
A giant cockroach comes into view.
You shoot a bolt. The bolt hits the giant cockroach.
The giant cockroach is heavily wounded.
You shoot a bolt.
The bolt completely misses the giant cockroach.
You shoot a bolt. The bolt hits the giant cockroach!!
You kill the giant cockroach!
No target in view!
Found a ring mail.
Edmund the Younger comes into view.
He is wielding a +3 flail of protection.
Found 5 stones.
You shoot a bolt.
The bolt hits Edmund but does no damage.
Edmund shouts!
A quokka comes into view.
You shoot a bolt.
The bolt hits Edmund but does no damage.
Edmund hits you with a +3 flail of protection.
You shoot a bolt.
The bolt hits Edmund but does no damage.
Edmund hits you with a +3 flail of protection!
Edmund hits you with a +3 flail of protection.
You shoot a bolt. The bolt barely misses Edmund.
The bolt misses the quokka.
Edmund completely misses you.
Edmund hits you with a +3 flail of protection.
You shoot a bolt. The bolt barely misses Edmund.
The bolt hits the quokka.
You kill the quokka!
Edmund barely misses you. Edmund hits you but does no damage.
You shoot a bolt. The bolt hits Edmund!!
Edmund is heavily wounded.
Edmund hits you with a +3 flail of protection! x2
You die...

... ... #.# #.#
########### #.#
#.........# #.#
#.#######.# #.#
#.# #.###.####
#.# #.@@..[..#
#.# #####.##.#
#.# .... .( #
#####.######.
###....... .
#.....†......
r.[####
#.#.###.#####..
...#
#.#.###.#####..
...#
#..............
..$.
###..#########.


You could see Edmund.

Vanquished Creatures
  Sigmund (D:3)
  A scorpion (D:3)
  Terence (D:3)
  An orc wizard (D:3)
  Robin (D:2)
  2 adders (D:2)
  A worm (D:2)
  2 dart slugs
  4 orcs (D:3)
  4 bats
  5 endoplasms
  5 giant cockroaches
  16 goblins
  9 hobgoblins
  4 jackals (D:3)
  8 kobolds
  A quokka (D:4)
  4 ball pythons
  3 frilled lizards
  5 rats
78 creatures vanquished.

Notes
Turn   | Place    | Note
-------+----------+-------------------------------------------
     0 | D:1      | HoaS the Gargoyle Hunter began the quest for the Orb.
     0 | D:1      | Reached XP level 1. HP: 12/12 MP: 1/1
    70 | D:1      | Reached XP level 2. HP: 17/17 MP: 2/2
   648 | D:2      | Reached XP level 3. HP: 21/21 MP: 3/3
   702 | D:2      | Reached skill level 5 in Ranged Weapons
  1021 | D:2      | Reached XP level 4. HP: 26/26 MP: 4/4
  1506 | D:3      | Identified a scroll of acquirement
  1506 | D:3      | Acquired a +1 heavy arbalest
  1553 | D:3      | Noticed Terence
  1553 | D:3      | Noticed Robin
  1555 | D:3      | Killed Terence
  1569 | D:2      | Reached skill level 6 in Ranged Weapons
  1596 | D:2      | Killed Robin
  1598 | D:2      | Reached XP level 5. HP: 23/30 MP: 5/5
  1652 | D:3      | Noticed Sigmund
  2101 | D:3      | Found a sparkling altar of Nemelex Xobeh.
  2128 | D:3      | Reached skill level 7 in Ranged Weapons
  2128 | D:3      | Reached XP level 6. HP: 35/35 MP: 6/6
  2181 | D:3      | Killed Sigmund
  2659 | D:4      | Noticed Edmund
  2668 | D:4      | Slain by Edmund

Illustrated notes

Levels and vault maps discovered:
D:1:      dpeg_arrival_tiny_j, layout_rooms
D:2:      layout_basic, st_stairs_7, minmay_cupped
D:3:      layout_basic, nemelex_spade_bored_becter, uniq_terence, uniq_robin,
          uniq_sigmund
D:4:      layout_loops_ring, kennysheep_cross_bottleneck, uniq_edmund

Skill      XL: |  1  2  3  4  5 |
---------------+----------------+-----
Ranged Weapons | 5 6 7 |  7.9
Fighting       | |  2.1
Dodging        | |  1.5
Stealth        | |  1.1

Action                     |  1- 3 |  4- 6 || total
---------------------------+-------+-------++-------
  Melee: Arbalest          |       |     4 ||     4
   Fire: Shortbow          |    88 |    16 ||   104
         Arbalest          |       |    71 ||    71
    Use: Scroll            |     6 |     4 ||    10
         Potion            |       |     2 ||     2
 Armour: Leather armour    |    14 |    77 ||    91
         Robe              |       |     1 ||     1
  Dodge: Dodged            |    26 |    65 ||    91

Table legend: (Time is in decaauts)
 A = Elapsed time spent in this place.
 B = Non-inter-level travel time spent in this place.
 C = Inter-level travel time spent in this place.
 D = Time resting spent in this place.
 E = Time spent auto-exploring this place.
 F = Levels seen in this place.
 G = Mean time per level.
                   A        B        C        D        E       F      G
               +--------+--------+--------+--------+--------+-----+--------+
         Total |   2803 |   2575 |    228 |    183 |   1876 |   4 |  700.8 |
       Dungeon |   2803 |   2575 |    228 |    183 |   1876 |   4 |  700.8 |
               +--------+--------+--------+--------+--------+-----+--------+

Top non-repeatable levels by time:
     D:2: 1295 daAuts
     D:3: 958 daAuts
     D:1: 490 daAuts
     D:4: 59 daAuts
